 Dungeon Crawl Stone Soup version 0.21.1-1-g345015f (webtiles) character file.

179 Fang the Skirmisher (level 5, 0/33 HPs)
             Began as a Gargoyle Berserker on Apr 24, 2018.
             Was a Believer of Trog.
             Slain by a goblin
             ... wielding a +0 club
             ... led by Robin
              (7 damage)
             ... on level 3 of the Dungeon.
             The game lasted 00:04:24 (1497 turns).

Fang the Skirmisher (Gargoyle Berserker)            Turns: 1497, Time: 00:04:24

Health: 0/33       AC:  6    Str: 21    XL:     5   Next: 59%
Magic:  5/5        EV: 12    Int:  8    God:    Trog [**....]
Gold:   146        SH:  0    Dex:  9    Spells: 4/4 levels left

rFire    . . .     SeeInvis +   g - +2 spear (pierce)
rCold    . . .     Gourm    .   (no shield)
rNeg     + . .     Faith    .   b - +0 animal skin
rPois    ∞         Spirit   .   (no helmet)
rElec    +         Reflect  .   (no cloak)
rCorr    .         Harm     .   (no gloves)
MR       .....                  (no boots)
Stlth    +.........             (no amulet)
HPRegen  0.11/turn              i - ring of flight
MPRegen  0.09/turn              k - ring of see invisible

@: berserk cooldown, starving, slowed, very slow
A: negative energy resistance 1, electricity resistance, unbreathing,
petrification resistance, rot immunity, AC +4
a: Berserk, Trog's Hand, Burn Spellbooks, Renounce Religion, Evoke Flight


You were on level 3 of the Dungeon.
You worshipped Trog.
Trog was pleased with you.
You were starving.

You visited 1 branch of the dungeon, and saw 3 of its levels.

You collected 146 gold pieces.

Inventory:

Hand Weapons
 a - a +0 hand axe
 g - a +2 spear of piercing (weapon)
Armour
 b - a +0 animal skin (worn)
Jewellery
 i - a ring of flight (left hand)
 k - a ring of see invisible (right hand)
Scrolls
 d - a scroll of teleportation
 f - 3 scrolls of remove curse {unknown}
 h - 4 scrolls of identify
 l - a scroll of enchant weapon {unknown}
Potions
 e - a potion of berserk rage
 j - 4 potions of curing
Comestibles
 c - 3 rations


   Skills:
 + Level 4.2 Fighting
 + Level 3.9(4.1) Axes
 + Level 2.1(3.2) Polearms
 + Level 2.3 Armour
 + Level 2.1 Dodging
 + Level 1.0 Stealth


You had 4 spell levels left.
You didn't know any spells.

Dungeon Overview and Level Annotations

Branches:
Dungeon (3/15)

Altars:
Okawaru


Innate Abilities, Weirdness & Mutations

You are resistant to torment.
Your stone body is resilient. (AC +4)
You are immune to poison.
You resist negative energy. (rN+)
You are resistant to electric shocks. (rElec)
You can survive without breathing.
You are immune to petrification.
You are immune to rotting.


Message History

You hit Robin.
You kill Robin!
Trog accepts your kill.
The goblin no longer looks unusually strong.
The goblin barely misses you. The goblin hits you but does no damage.
Unknown command.
The goblin hits you but does no damage. The goblin hits you with a club.
Items here: ) / [[ † a spear; a runed animal skin; a helmet; a wand of flame (13) the hobgoblin corpse of Robin Unknown command.
You barely miss the goblin. The goblin hits you.
The goblin hits you with a club!
* * * LOW HITPOINT WARNING * * *
The goblin misses you.
You barely miss the goblin. The goblin completely misses you.
The goblin barely misses you.
Unknown command.
You closely miss the goblin. The goblin hits you with a club!
You die...

+........('...........
#.........##.#...###.#
#.......###.#..## #
.#.....## ####..#
##...## #### ##g#.g.#
#g#.### #g#...##
#@g....# #.....##.#
#......# ##.......
##(##.### ..# .. ###
###


You could see 2 hobgoblins and 2 goblins.

Vanquished Creatures
  Jessica (D:2)
  Robin (D:3)
  A worker ant zombie (D:2)
  5 adders
  2 worms
  4 leopard geckos
  An orc (D:3)
  5 bats
  A bat skeleton (D:2)
  A bat zombie (D:2)
  6 giant cockroaches
  15 goblins
  5 hobgoblins
  3 jackals (D:2)
  2 quokkas (D:3)
  2 ball pythons
  4 frilled lizards
  7 kobolds
  2 leopard gecko skeletons (D:2)
  4 rats
72 creatures vanquished.

Notes
Turn   | Place    | Note
-------+----------+-------------------------------------------
     0 | D:1      | Fang the Gargoyle Berserker began the quest for the Orb.
     0 | D:1      | Reached XP level 1. HP: 14/14 MP: 1/1
    88 | D:1      | Reached XP level 2. HP: 17/19 MP: 2/2
   318 | D:1      | Reached XP level 3. HP: 17/23 MP: 3/3
   319 | D:1      | Reached ** piety under Trog
   630 | D:2      | Found a faded altar of an unknown god.
   638 | D:2      | Noticed Jessica
   642 | D:2      | Killed Jessica
   642 | D:2      | Reached skill level 4 in Fighting
   642 | D:2      | Reached XP level 4. HP: 28/29 MP: 4/4
   766 | D:2      | Found an iron altar of Okawaru.
   813 | D:2      | Reached skill level 1 in Polearms
   994 | D:2      | Reached XP level 5. HP: 25/33 MP: 5/5
  1466 | D:3      | Noticed Robin
  1471 | D:3      | Reached skill level 1 in Stealth
  1493 | D:3      | Killed Robin
  1497 | D:3      | Slain by a goblin

Skill      XL: |  1  2  3  4  5 |
---------------+----------------+-----
Axes           | 3 |  3.9
Fighting       | 4 |  4.2
Dodging        | 2 |  2.1
Polearms       | 1 2 |  2.1
Stealth        | 1 |  1.0
Armour         | |  2.3

Action                   |  1- 3 |  4- 6 || total
-------------------------+-------+-------++-------
Melee: Hand axe          |    35 |       ||    35
       Spear             |    47 |   139 ||   186
Invok: Berserk           |       |     1 ||     1
  Use: Scroll            |       |     5 ||     5
 Stab: Sleeping          |     1 |     4 ||     5
  Eat: Chunk             |       |     1 ||     1
Armor: Animal skin       |    22 |    30 ||    52
Dodge: Dodged            |    48 |    68 ||   116
